 Dungeon Crawl Stone Soup version 0.32-a0-576-g706899e69d (webtiles) character file.

Game seed: 3394466646913250116

209 7151Change the Cudgeller (level 5, 0/46 HPs)
             Began as a Mountain Dwarf Fighter on Mar 1, 2024.
             Was a Follower of Beogh.
             Slain by Robin
             ... wielding a +0 falchion
              (5 damage)
             ... on level 4 of the Dungeon.
             The game lasted 00:07:48 (2473 turns).

7151Change the Cudgeller (Mountain Dwarf Fighter)   Turns: 2473, Time: 00:07:49

Health: 0/46       AC: 14    Str: 21    XL:     5   Next: 55%
Magic:  5/5        EV:  9    Int:  8    God:    Beogh [*.....]
Gold:   268        SH:  4    Dex:  9    Spells: 4/4 levels left

rFire   . . .        g - +0 mace (protect)
rCold   . . .        c - +0 buckler
rNeg    . . .        b - +0 scale mail
rPois   .            (no helmet)
rElec   .            (no cloak)
rCorr   .            (no gloves)
SInv    .            (no boots)
Will    .....        (no amulet) Stlth
                     (no ring)
HPRegen 0.27/turn    (no ring)
MPRegen 0.09/turn

%: no passive effects
@: mighty, under a protective aura, hasted, very quick
A: runic magic, artefact enchanting
a: Renounce Religion


You were on level 4 of the Dungeon.
You worshipped Beogh.
Beogh was aware of your devotion.
You visited 1 branch of the dungeon, and saw 4 of its levels.

You collected 268 gold pieces.

Inventory:

Hand Weapons
 a - a +0 flail
 g - a +0 mace of protection (weapon)
 k - a +2 dagger of venom
 t - a +2 whip of venom
Missiles
 u - 2 throwing nets (quivered)
Armour
 b - a +0 scale mail (worn)
 c - a +0 buckler (worn)
Jewellery
 o - a ring of protection from fire
Talismans
 v - a beast talisman
Wands
 w - a wand of flame (11)
Scrolls
 e - 2 scrolls of revelation {unknown}
 j - a scroll of fog {unknown}
 l - 2 scrolls of vulnerability {unknown}
 m - a scroll of teleportation {unknown}
 p - a scroll of immolation {unknown}
 r - 2 scrolls of identify {unknown}
Potions
 f - 3 potions of ambrosia {unknown}
 h - 6 potions of curing {unknown}
 n - 2 potions of mutation {unknown}
 q - 2 potions of cancellation {unknown}
 s - a potion of resistance {unknown}


   Skills:
 + Level 4.1 Fighting
 + Level 4.9 Maces & Flails
 + Level 4.1 Armour
 + Level 1.0 Dodging
 + Level 0.1 Stealth
 + Level 3.9 Shields


You had 4 spell levels left.
You didn't know any spells.
Your spell library contained the following spells:

 Spells                   Type           Power      Damage    Failure   Level
 Leda's Liquefaction      Alch/Erth      0%         N/A       100%        4
 Lee's Rapid Deconstruct  Erth           0%         3d4*      100%        5
 Bombard                  Conj/Erth      0%         9d1       100%        6


Dungeon Overview and Level Annotations

Branches:
Dungeon (4/15)
 Temple: D:4-7

Altars:
Zin

Shops:
D:3 :

Annotations:
D:4 Robin


Innate Abilities, Weirdness & Mutations

Your spellcasting is much less encumbered by armour.
You can use scrolls of enchantment on lesser artefacts.


Message History

Robin hits you but does no damage. You block the goblin's attack.
The goblin closely misses you.
You barely miss the hobgoblin. The hobgoblin hits you. Robin barely misses you.
You block the goblin's attack.
The goblin hits you but does no damage. x2
You sock the hobgoblin!
You kill the hobgoblin!
Beogh accepts your kill.
The goblin no longer looks unusually strong.
Robin says, "Kneel, worm!"
Robin hits you but does no damage. You block the goblin's attack.
The goblin closely misses you. The goblin hits you but does no damage.
The goblin hits you with a +0 dagger.
* * * LOW HITPOINT WARNING * * *
Items here: )))) †††.
Robin flexes a bicep menacingly.
Robin roars a battlecry!
The goblins go into a battle-frenzy!
Robin throws the goblin at you! The goblin barely misses you.
The goblin hits you but does no damage.
You closely miss the goblin. The goblin hits you but does no damage.
You block Robin's attack.
You barely miss the goblin. The goblin misses you.
The goblin hits you with a +0 dagger.
* * * LOW HITPOINT WARNING * * *
You block Robin's attack.
It was a potion of haste.
You feel yourself speed up.
The goblin no longer looks unusually strong.
You block the goblin's attack. The goblin hits you with a +0 club.
* * * LOW HITPOINT WARNING * * *
The goblin completely misses you. Robin hits you with a +0 falchion.
* * * LOW HITPOINT WARNING * * *
You sock the goblin!
Your weapon exudes an aura of protection.
You kill the goblin!
Beogh accepts your kill.
The goblin no longer looks unusually strong.
The goblin hits you but does no damage. The goblin closely misses you.
Robin hits you with a +0 falchion.
You die...
Robin says, "And that's why I'm the boss."

#....#........
#....#.............
#....#.............
#....#.............
#....#.............
#.............
#.............
#.)..gg.......
#...gg@)......
##############


You could see Robin and 3 goblins.

Vanquished Creatures
  A scorpion (D:3)
  Terence (D:3)
  3 gnolls (D:3)
  An adder (D:3)
  2 ribbon worms (D:3)
  A dart slug (D:4)
  An orc (D:3)
  8 bats
  9 endoplasms
  6 giant cockroaches (D:1)
  5 hobgoblins
  3 jackals (D:1)
  8 kobolds
  2 quokkas
  6 ball pythons
  3 frilled lizards
  12 goblins
  7 rats
79 creatures vanquished.

Vanquished Creatures (others)
  An endoplasm (D:4)
  A giant cockroach (D:3)
2 creatures vanquished.

Grand Total: 81 creatures vanquished

Notes
Turn   | Place    | Note
-------+----------+-------------------------------------------
     0 | D:1      | 7151Change the Mountain Dwarf Fighter began the quest for
                  | the Orb.
     0 | D:1      | Reached XP level 1. HP: 19/19 MP: 1/1
   131 | D:1      | Reached XP level 2. HP: 25/26 MP: 2/2
   484 | D:1      | Reached XP level 3. HP: 30/31 MP: 3/3
  1477 | D:3      | Found Benuh's Book Emporium.
  1514 | D:3      | Noticed a scorpion
  1521 | D:3      | Killed a scorpion
  1522 | D:3      | Reached XP level 4. HP: 14/40 MP: 4/4
  1637 | D:3      | Found a glowing silver altar of Zin.
  1772 | D:3      | Became a worshipper of Beogh the Shepherd
  1914 | D:3      | Noticed Terence
  1922 | D:3      | Killed Terence
  1923 | D:3      | Reached XP level 5. HP: 27/46 MP: 5/5
  2170 | D:3      | Reached skill level 1 in Dodging
  2398 | D:4      | Noticed Robin
  2458 | D:4      | Reached * piety under Beogh
  2473 | D:4      | Slain by Robin

Illustrated notes

Levels and vault maps discovered:
D:1:      spicycebolla_arrival_xxxplode, layout_basic, minmay_worlds_worst_comb
D:2:      layout_basic
D:3:      layout_basic, zin_academy, serial_shops, shop, uniq_terence
D:4:      layout_gridville, fedhas_altar_1, gammafunk_ghost_arena, serial_shops,
          nicolae_shop_waterfront, roderic_roman_lattice, uniq_robin, uniq_ijyb

Skill      XL: |  1  2  3  4  5 |
---------------+----------------+-----
Maces & Flails | 3 4 |  4.9
Armour         | 4 |  4.1
Fighting       | 4 |  4.1
Dodging        | 1 |  1.0
Stealth        | |  0.1
Shields        | |  3.9

Action                     |  1- 3 |  4- 6 || total
---------------------------+-------+-------++-------
  Melee: Flail             |    13 |       ||    13
         Mace              |   137 |    92 ||   229
 Invoke: Convert to Beogh  |       |     1 ||     1
    Use: Potion            |       |     2 ||     2
 Armour: Scale mail        |   148 |   148 ||   296
  Dodge: Dodged            |    92 |    80 ||   172
  Block: Buckler           |    48 |    49 ||    97

Table legend: (Time is in decaauts)
 A = Elapsed time spent in this place.
 B = Non-inter-level travel time spent in this place.
 C = Inter-level travel time spent in this place.
 D = Time resting spent in this place.
 E = Time spent auto-exploring this place.
 F = Levels seen in this place.
 G = Mean time per level.
                   A        B        C        D        E       F      G
               +--------+--------+--------+--------+--------+-----+--------+
         Total |   2531 |   2228 |    303 |      0 |   1527 |   4 |  632.8 |
       Dungeon |   2531 |   2228 |    303 |      0 |   1527 |   4 |  632.8 |
               +--------+--------+--------+--------+--------+-----+--------+

Top non-repeatable levels by time:
     D:3: 969 daAuts
     D:1: 850 daAuts
     D:2: 588 daAuts
     D:4: 122 daAuts
